 Seeded DCSS version 0.29-a0-284-gf9362112df (webtiles) character file.

Game seed: 4069715387981020196 (custom seed)

2 gzilladon the Grave Robber (level 1, -3/14 HPs)
             Began as a Demonspawn Necromancer on Mar 25, 2022.
             Slain by a quokka (4 damage)
             ... on level 1 of the Dungeon.
             The game lasted 00:02:19 (832 turns).

gzilladon the Grave Robber (Demonspawn Necromancer)  Turns: 832, Time: 00:02:19

Health: -3/14      AC:  8    Str:  8    XL:     1   Next: 33%
Magic:  3/3        EV:  3    Int: 22    God:
Gold:   37         SH:  0    Dex: 13    Spells: 2/4 levels left

rFire   . . .      SeeInvis .   (no weapon)
rCold   . . .      Faith    .   (no shield)
rNeg    . . .      Spirit   .   j - +0 chain mail
rPois   .          Reflect  .   (no helmet)
rElec   .          Harm     .   (no cloak)
rCorr   .          Rampage  .   (no gloves)
Will    .....                   (no boots)
Stlth   ..........              (no amulet)
HPRegen 0.04/turn               c - +6 ring of intelligence
MPRegen 0.08/turn               f - ring of wizardry

@: no status effects
A: no striking features
a: no special abilities


You were on level 1 of the Dungeon.
You visited 1 branch of the dungeon, and saw 1 of its levels.

You collected 37 gold pieces.

Inventory:

Armour
 a - a +0 robe
 j - a +0 chain mail (worn)
Jewellery
 c - a +6 ring of intelligence (left hand)
 f - a ring of wizardry (right hand)
Scrolls
 d - 2 scrolls of identify {unknown}
 g - a scroll of blinking {unknown}
Potions
 b - a potion of magic
 e - a potion of cancellation {unknown}
 h - a potion of curing {unknown}
 i - a potion of berserk rage {unknown}


   Skills:
 + Level 0.4 Fighting
 + Level 1.7 Dodging
 + Level 1.7 Stealth
 + Level 2.0 Spellcasting
 + Level 4.4 Necromancy


You had 2 spell levels left.
You knew the following spells:

 Your Spells              Type           Power      Damage    Failure   Level
a - Pain                  Necr           84%        1d8       85%         1
b - Animate Skeleton      Necr           42%        N/A       85%         1

Your spell library contained the following spells:

 Spells                   Type           Power      Damage    Failure   Level
 Vampiric Draining        Necr           21%        2d7       99%         3
 Animate Dead             Necr           10%        N/A       100%        4
 Agony                    Necr           21%        N/A       100%        5


Dungeon Overview and Level Annotations

Branches:
Dungeon (1/15)

Altars:


Message History

You hit the quokka but do no damage. The quokka bites you.
You closely miss the quokka.
The quokka bites you but does no damage. x2
You barely miss the quokka. The quokka bites you.
You hit the quokka.
The quokka is lightly wounded.
The quokka bites you but does no damage.
You closely miss the quokka.
The quokka is lightly wounded.
The quokka bites you but does no damage.
You hit the quokka but do no damage.
The quokka is lightly wounded.
The quokka barely misses you.
You closely miss the quokka.
The quokka is lightly wounded.
The quokka bites you. x2
* * * LOW HITPOINT WARNING * * *
You hit the quokka but do no damage.
The quokka is lightly wounded.
The quokka bites you.
* * * LOW HITPOINT WARNING * * *
You barely miss the quokka. You punch the quokka.
The quokka is moderately wounded.
The quokka bites you but does no damage.
You hit the quokka but do no damage.
The quokka is moderately wounded.
The quokka bites you but does no damage.
You hit the quokka.
The quokka is heavily wounded.
The quokka bites you.
* * * LOW HITPOINT WARNING * * *
You completely miss the quokka.
The quokka is heavily wounded.
The quokka bites you but does no damage. x2
You completely miss the quokka.
The quokka is heavily wounded.
The quokka bites you but does no damage.
The quokka bites you but does no damage.
The quokka attacks as you move away! The quokka bites you.
You die...

#.# #.# #.# #.# #.#
#.# ##########.#
###.# #..........#
#####...##
#.##########
......).. #.#
........##########.#
#...rlr@.....#
##############


You could see a quokka, a frilled lizard and a rat.

Vanquished Creatures
  A hobgoblin (D:1)
  A ball python (D:1)
  A bat (D:1)
3 creatures vanquished.

Vanquished Creatures (others)
  4 toadstools (D:1)
4 creatures vanquished.

Grand Total: 7 creatures vanquished

Notes
Turn   | Place    | Note
-------+----------+-------------------------------------------
     0 | D:1      | gzilladon the Demonspawn Necromancer began the quest for
                  | the Orb.
     0 | D:1      | Reached XP level 1. HP: 13/13 MP: 3/3
   140 | D:1      | Learned a level 1 spell: Animate Skeleton
   832 | D:1      | Slain by a quokka

Illustrated notes

Levels and vault maps discovered:
D:1:      ldierk_walled_garden_2, layout_loops_ring, minmay_tetromino_l4

Action                   || total
-------------------------++-------
Melee: Unarmed           ||    36
       Punch             ||     1
 Cast: Animate Skeleton  ||     2
Armor: Chain mail        ||    18
       Robe              ||     5
Dodge: Dodged            ||    17

Table legend: (Time is in decaauts)
 A = Elapsed time spent in this place.
 B = Non-inter-level travel time spent in this place.
 C = Inter-level travel time spent in this place.
 D = Time resting spent in this place.
 E = Time spent auto-exploring this place.
 F = Levels seen in this place.
 G = Mean time per level.
                   A        B        C        D        E       F      G
               +--------+--------+--------+--------+--------+-----+--------+
         Total |    831 |    831 |      0 |    477 |      0 |   1 |  831.0 |
       Dungeon |    831 |    831 |      0 |    477 |      0 |   1 |  831.0 |
               +--------+--------+--------+--------+--------+-----+--------+

Top non-repeatable levels by time:
     D:1: 831 daAuts
